EVO
RICE UNIVERSITY OWLS @ STANFORD UNIVERSITY CARDINAL
12/22/2047
 
TOP OF THE 1ST
Rice University Owls batting - Pitching for Stanford University Cardinal : LHP Chris Hoebing
Pitching: LHP Chris Hoebing
Batting: RHB Caleb Mercer 0-0: Ball
1-0: Ball
2-0: Ball
3-0: Base on Balls
Batting: RHB Javier Quinones 0-0: Fly out, F1 (Line Drive, P, EV 66.9 MPH)
Batting: RHB Jose Soto 0-0: Fly out, F8 (Line Drive, 8LD, EV 97.5 MPH)
Batting: SHB Ken Wilson 0-0: Ball
1-0: Called Strike
1-1: Ball
2-1: Foul Ball, location: 2F
2-2: Ball
3-2: Ground out 5-3 (Groundball, 56S, EV 68.1 MPH)
Top of the 1st over - 0 runs, 0 hits, 0 errors, 1 left on base; Rice University 0 - Stanford University 0
BOTTOM OF THE 1ST
Stanford University Cardinal batting - Pitching for Rice University Owls : RHP Dejenie Mensah
Pitching: RHP Dejenie Mensah
Batting: RHB Brian Spry 0-0: Reached on error, E5 (Groundball, 56, EV 81.2 MPH)
Batting: RHB Joe Gabriel 0-0: Fielders Choice at 2nd, 6-4 (Groundball, 56, EV 102.5 MPH)
Batting: LHB Jason Duda 0-0: Ball
1-0: Swinging Strike
1-1: Ball
2-1: Foul Ball, location: 2F
2-2: Strikes out swinging
Batting: LHB Danny Roberts 0-0: Called Strike
0-1: Ball
1-1: Swinging Strike
1-2: Ground out U3 (Groundball, 3, EV 82.5 MPH)
Bottom of the 1st over - 0 runs, 0 hits, 1 error, 1 left on base; Rice University 0 - Stanford University 0
TOP OF THE 2ND
Rice University Owls batting - Pitching for Stanford University Cardinal : LHP Chris Hoebing
Batting: RHB Neil Worth 0-0: Foul Ball, location: 2F
0-1: Swinging Strike
0-2: Ball
1-2: Foul Ball, location: 2F
1-2: Strikes out swinging
Batting: LHB Chris Gonzales 0-0: Called Strike
0-1: Ground out U3 (Groundball, 3, EV 91.2 MPH)
Batting: RHB Emanuel Pulido 0-0: Called Strike
0-1: Called Strike
0-2: Ball
1-2: Ball
2-2: Strikes out swinging
Top of the 2nd over - 0 runs, 0 hits, 0 errors, 0 left on base; Rice University 0 - Stanford University 0
BOTTOM OF THE 2ND
Stanford University Cardinal batting - Pitching for Rice University Owls : RHP Dejenie Mensah
Batting: RHB Nick Maxwell 0-0: Ball
1-0: Called Strike
1-1: Ball
2-1: Fly out, F8 (Flyball, 78D, EV 98.1 MPH)
Batting: RHB John Van der Linden 0-0: Called Strike
0-1: Ball
1-1: Foul Ball, location: 2F
1-2: Foul Ball, location: 2F
1-2: Foul Ball, location: 2F
1-2: Foul Ball, location: 2F
1-2: Ball
2-2: Ball
3-2: Foul Ball, location: 2F
3-2: Fly out, F9 (Flyball, 9LS, EV 91.2 MPH)
Batting: RHB Teh-huai Jiang 0-0: Swinging Strike
0-1: Called Strike
0-2: Ball
1-2: Ball
2-2: Ground out 5-3 (Groundball, 56, EV 92.5 MPH)
Bottom of the 2nd over - 0 runs, 0 hits, 0 errors, 0 left on base; Rice University 0 - Stanford University 0
TOP OF THE 3RD
Rice University Owls batting - Pitching for Stanford University Cardinal : LHP Chris Hoebing
Batting: RHB Allen Jarvis 0-0: Fly out, F7 (Flyball, 7, EV 84.4 MPH)
Batting: SHB Steve Wipf 0-0: Ball
1-0: Swinging Strike
1-1: Ground out 6-3 (Groundball, 6S, EV 78.1 MPH)
Batting: RHB Caleb Mercer 0-0: Ball
1-0: Called Strike
1-1: Called Strike
1-2: Foul Ball, location: 2F
1-2: Ball
2-2: Strikes out swinging
Top of the 3rd over - 0 runs, 0 hits, 0 errors, 0 left on base; Rice University 0 - Stanford University 0
BOTTOM OF THE 3RD
Stanford University Cardinal batting - Pitching for Rice University Owls : RHP Dejenie Mensah
Batting: RHB Gary Preston 0-0: Ball
1-0: Ball
2-0: Ball
3-0: Called Strike
3-1: Swinging Strike
3-2: Base on Balls
Batting: RHB Josh Benefield 0-0: Called Strike
0-1: Swinging Strike
0-2: Ball
1-2: Ball
2-2: Ball
3-2: SINGLE (Line Drive, 7S, EV 98.1 MPH)
Gary Preston to second
Batting: RHB Brian Spry 0-0: Foul Ball, location: 2F
0-1: Called Strike
0-2: Ball
1-2: Foul Ball, location: 2F
1-2: Strikes out swinging
Batting: RHB Joe Gabriel 0-0: Called Strike
0-1: Called Strike
0-2: Fielders Choice at 2nd, 1-4 (Groundball, 15S, EV 70.0 MPH)
Gary Preston to third
Batting: LHB Jason Duda 0-0: Foul Ball, location: 2F
0-1: Called Strike
0-2: Strikes out swinging
Bottom of the 3rd over - 0 runs, 1 hit, 0 errors, 2 left on base; Rice University 0 - Stanford University 0
TOP OF THE 4TH
Rice University Owls batting - Pitching for Stanford University Cardinal : LHP Chris Hoebing
Batting: RHB Javier Quinones 0-0: Ball
1-0: Called Strike
1-1: Fly out, F9 (Flyball, 9LM, EV 101.9 MPH)
Batting: RHB Jose Soto 0-0: Ground out 6-3 (Groundball, 6MS, EV 91.2 MPH)
Batting: SHB Ken Wilson 0-0: SINGLE (Flyball, 6D, EV 98.8 MPH)
Batting: RHB Neil Worth 0-0: Called Strike
0-1: Foul Ball, location: 2F
0-2: Ball
1-2: Strikes out looking
Top of the 4th over - 0 runs, 1 hit, 0 errors, 1 left on base; Rice University 0 - Stanford University 0
BOTTOM OF THE 4TH
Stanford University Cardinal batting - Pitching for Rice University Owls : RHP Dejenie Mensah
Batting: LHB Danny Roberts 0-0: Ball
1-0: SINGLE (Line Drive, 89S, EV 103.1 MPH)
Batting: RHB Nick Maxwell 0-0: SINGLE (Flyball, 7LS, EV 93.1 MPH)
Danny Roberts to second
Batting: RHB John Van der Linden 0-0: Called Strike
0-1: Foul Ball, location: 2F
0-2: Fly out, F8 (Line Drive, 89D, EV 100.6 MPH)
Batting: RHB Teh-huai Jiang 0-0: Ball
1-0: Ball
2-0: Called Strike
2-1: Swinging Strike
2-2: Foul Ball, location: 2F
2-2: Strikes out swinging
Batting: RHB Gary Preston 0-0: Called Strike
0-1: Foul Ball, location: 2F
0-2: Strikes out looking
Bottom of the 4th over - 0 runs, 2 hits, 0 errors, 2 left on base; Rice University 0 - Stanford University 0
TOP OF THE 5TH
Rice University Owls batting - Pitching for Stanford University Cardinal : LHP Chris Hoebing
Batting: LHB Chris Gonzales 0-0: Called Strike
0-1: Ball
1-1: Ball
2-1: Called Strike
2-2: Ball
3-2: Foul Ball, location: 2F
3-2: Foul Ball, location: 2F
3-2: SOLO HOME RUN (Flyball, 9D, EV 98.8 MPH), Distance : 384 ft
Batting: RHB Emanuel Pulido 0-0: Swinging Strike
0-1: Ground out U3 (Groundball, 34, EV 108.1 MPH)
Batting: RHB Allen Jarvis 0-0: Ball
1-0: Called Strike
1-1: Ball
2-1: Ground out 5-3 (Groundball, 56S, EV 72.5 MPH)
Batting: SHB Steve Wipf 0-0: Ball
1-0: Foul Ball, location: 2F
1-1: Ball
2-1: Foul Ball, location: 2F
2-2: Ground out 6-3 (Groundball, 6, EV 83.8 MPH)
Top of the 5th over - 1 run, 1 hit, 0 errors, 0 left on base; Rice University 1 - Stanford University 0
BOTTOM OF THE 5TH
Stanford University Cardinal batting - Pitching for Rice University Owls : RHP Dejenie Mensah
Batting: RHB Josh Benefield 0-0: Foul Ball, location: 2F
0-1: Called Strike
0-2: Ball
1-2: Foul Ball, location: 2F
1-2: Ball
2-2: Foul Ball, location: 2F
2-2: Foul Ball, location: 2F
2-2: Ball
3-2: Foul Ball, location: 2F
3-2: Ground out U3 (Groundball, 13, EV 90.6 MPH)
Batting: RHB Brian Spry 0-0: Ground out 6-3 (Groundball, 6, EV 110.6 MPH)
Batting: RHB Joe Gabriel 0-0: Foul Ball, location: 2F
0-1: Ball
1-1: Ball
2-1: Foul Ball, location: 2F
2-2: Ground out 1-3 (Groundball, 15S, EV 71.2 MPH)
Bottom of the 5th over - 0 runs, 0 hits, 0 errors, 0 left on base; Rice University 1 - Stanford University 0
TOP OF THE 6TH
Rice University Owls batting - Pitching for Stanford University Cardinal : LHP Chris Hoebing
Batting: RHB Caleb Mercer 0-0: Called Strike
0-1: Ball
1-1: Ball
2-1: Ground out 6-3 (Groundball, 6, EV 87.5 MPH)
Batting: RHB Javier Quinones 0-0: Fly out, F7 (Flyball, 78S, EV 76.2 MPH)
Batting: RHB Jose Soto 0-0: Ball
1-0: Foul Ball, location: 2F
1-1: Ball
2-1: DOUBLE (Line Drive, 78D, EV 103.8 MPH)
Batting: SHB Ken Wilson 0-0: Ground out 1-3 (Groundball, 13S, EV 76.9 MPH)
Top of the 6th over - 0 runs, 1 hit, 0 errors, 1 left on base; Rice University 1 - Stanford University 0
BOTTOM OF THE 6TH
Stanford University Cardinal batting - Pitching for Rice University Owls : RHP Dejenie Mensah
Pitching: RHP Nate Gulley
Batting: LHB Jason Duda 0-0: Called Strike
0-1: Ball
1-1: Called Strike
1-2: Fly out, F2 (Popup, 2L, EV 95.6 MPH)
Batting: LHB Danny Roberts 0-0: Called Strike
0-1: Foul Ball, location: 2F
0-2: Ball
1-2: Ball
2-2: Ball
3-2: Foul Ball, location: 2F
3-2: Ground out 6-3 (Groundball, 6, EV 84.4 MPH)
Batting: RHB Nick Maxwell 0-0: Ball
1-0: Swinging Strike
1-1: Foul Ball, location: 2F
1-2: Foul Ball, location: 2F
1-2: Foul Ball, location: 2F
1-2: Foul Ball, location: 2F
1-2: Fly out, F3 (Popup, 3, EV 65.0 MPH)
Bottom of the 6th over - 0 runs, 0 hits, 0 errors, 0 left on base; Rice University 1 - Stanford University 0
TOP OF THE 7TH
Rice University Owls batting - Pitching for Stanford University Cardinal : LHP Chris Hoebing
Batting: RHB Neil Worth 0-0: Ball
1-0: Ball
2-0: SINGLE (Flyball, 7S, EV 86.2 MPH) - OUT at second base trying to stretch hit.
Batting: LHB Chris Gonzales 0-0: Ball
1-0: Called Strike
1-1: Foul Ball, location: 2F
1-2: SOLO HOME RUN (Flyball, 9D, EV 96.2 MPH), Distance : 372 ft
Batting: RHB Emanuel Pulido 0-0: Called Strike
0-1: Ball
1-1: Foul Ball, location: 2F
1-2: Ball
2-2: SOLO HOME RUN (Flyball, 78XD, EV 99.4 MPH), Distance : 408 ft
Pitching: RHP Eddie Georges
Batting: RHB Allen Jarvis 0-0: Fly out, F7 (Line Drive, 7, EV 93.1 MPH)
Batting: SHB Steve Wipf 0-0: Fly out, F5 (Popup, 56, EV 56.2 MPH)
Top of the 7th over - 2 runs, 3 hits, 0 errors, 0 left on base; Rice University 3 - Stanford University 0
BOTTOM OF THE 7TH
Stanford University Cardinal batting - Pitching for Rice University Owls : RHP Nate Gulley
Pitching: RHP Michael Benford
Batting: RHB John Van der Linden 0-0: Foul Ball, location: 2F
0-1: Ball
1-1: Ground out 5-3 (Groundball, 56, EV 106.9 MPH)
Batting: RHB Teh-huai Jiang 0-0: Ball
1-0: Called Strike
1-1: Ball
2-1: Called Strike
2-2: Strikes out swinging
Batting: RHB Gary Preston 0-0: Ball
1-0: Ball
2-0: Ball
3-0: Called Strike
3-1: Base on Balls
Pinch Hitting: LHB Bryan Davidson 0-0: Ball
1-0: Called Strike
1-1: Fly out, F9 (Flyball, 89S, EV 90.0 MPH)
Bottom of the 7th over - 0 runs, 0 hits, 0 errors, 1 left on base; Rice University 3 - Stanford University 0
TOP OF THE 8TH
Rice University Owls batting - Pitching for Stanford University Cardinal : RHP Eddie Georges
Now in RF: Bryan Davidson
Batting: RHB Caleb Mercer 0-0: Ball
1-0: Called Strike
1-1: Called Strike
1-2: Strikes out swinging
Batting: RHB Javier Quinones 0-0: Ball
1-0: Called Strike
1-1: Ball
2-1: Foul Ball, location: 2F
2-2: Strikes out looking
Batting: RHB Jose Soto 0-0: Fly out, F7 (Flyball, 78M, EV 85.0 MPH)
Top of the 8th over - 0 runs, 0 hits, 0 errors, 0 left on base; Rice University 3 - Stanford University 0
BOTTOM OF THE 8TH
Stanford University Cardinal batting - Pitching for Rice University Owls : RHP Michael Benford
Pitching: LHP Shan Ping
Batting: RHB Brian Spry 0-0: Swinging Strike
0-1: Ball
1-1: Ball
2-1: Ball
3-1: Foul Ball, location: 2F
3-2: Foul Ball, location: 2F
3-2: Base on Balls
Batting: RHB Joe Gabriel 0-0: Called Strike
0-1: Ball
1-1: Fly out, F5 (Popup, 5, EV 80.0 MPH)
Batting: LHB Jason Duda 0-0: Ball
1-0: SINGLE (Groundball, 34D, EV 97.5 MPH)
Brian Spry to second
Runner from 2nd tries for 3rd, SAFE, throw by RF made to third
Batting: LHB Danny Roberts 0-0: Ball
1-0: 3-RUN HOME RUN (Line Drive, 89XD, EV 115.0 MPH), Distance : 441 ft
Pitching: LHP Joe Fleury
Batting: RHB Nick Maxwell 0-0: Ball
1-0: Foul Ball, location: 2F
1-1: Ball
2-1: Ball
3-1: Base on Balls
Batting: RHB John Van der Linden 0-0: Ball
1-0: Swinging Strike
1-1: SINGLE (Line Drive, 56D, EV 96.9 MPH)
Nick Maxwell to second
Batting: RHB Teh-huai Jiang 0-0: Ball
1-0: Ball
2-0: Called Strike
2-1: Grounds into double play, 6-4-3 (Groundball, 6, EV 85.0 MPH)
Bottom of the 8th over - 3 runs, 3 hits, 0 errors, 1 left on base; Rice University 3 - Stanford University 3
TOP OF THE 9TH
Rice University Owls batting - Pitching for Stanford University Cardinal : RHP Eddie Georges
Batting: SHB Ken Wilson 0-0: Foul Ball, location: 2F
0-1: Called Strike
0-2: Foul Ball, location: 2F
0-2: Ball
1-2: Ball
2-2: Ball
3-2: Ground out 1-3 (Groundball, 15S, EV 74.4 MPH)
Pitching: RHP John Hollinger
Batting: RHB Neil Worth 0-0: Ball
1-0: Called Strike
1-1: Ball
2-1: Foul Ball, location: 2F
2-2: Foul Ball, location: 2F
2-2: SINGLE (Flyball, 89S, EV 94.4 MPH)
Pitching: LHP Larry Steen
Batting: LHB Chris Gonzales 0-0: Ball
1-0: Called Strike
1-1: Ball
2-1: Foul Ball, location: 2F
2-2: SINGLE (Groundball, 25, EV 68.8 MPH) (infield hit)
Neil Worth to second
Pinch Hitting: SHB Dave Van Sickle 0-0: Ball
1-0: Ball
2-0: Ball
3-0: Called Strike
3-1: Foul Ball, location: 2F
3-2: Fielders Choice at 2nd, 6-4 (Groundball, 6S, EV 77.5 MPH)
Neil Worth to third
Batting: RHB Allen Jarvis 0-0: Ball
1-0: Called Strike
1-1: Foul Ball, location: 2F
1-2: Strikes out swinging
Top of the 9th over - 0 runs, 2 hits, 0 errors, 2 left on base; Rice University 3 - Stanford University 3
BOTTOM OF THE 9TH
Stanford University Cardinal batting - Pitching for Rice University Owls : LHP Joe Fleury
Pitching: RHP Bill Lightheart
Now at 2B: Alex Alvarez
Pinch Hitting: LHB Chien Sam 0-0: Fly out, F8 (Line Drive, 8RM, EV 89.4 MPH)
Batting: LHB Bryan Davidson 0-0: Ball
1-0: Ball
2-0: Foul Ball, location: 2F
2-1: Foul Ball, location: 2F
2-2: Foul Ball, location: 2F
2-2: Ground out 4-3 (Groundball, 4, EV 86.2 MPH)
Batting: RHB Brian Spry 0-0: Ball
1-0: Swinging Strike
1-1: Called Strike
1-2: Foul Ball, location: 2F
1-2: Ball
2-2: Ground out 5-3 (Groundball, 56S, EV 70.6 MPH)
Bottom of the 9th over - 0 runs, 0 hits, 0 errors, 0 left on base; Rice University 3 - Stanford University 3
TOP OF THE 10TH
Rice University Owls batting - Pitching for Stanford University Cardinal : LHP Larry Steen
Pitching: LHP Joe Alverson
Now at C: Chien Sam
Batting: SHB Steve Wipf 0-0: Ball
1-0: Ball
2-0: Fly out, F9 (Flyball, 89M, EV 91.2 MPH)
Batting: RHB Caleb Mercer 0-0: Ball
1-0: Called Strike
1-1: Foul Ball, location: 2F
1-2: Ground out 6-3 (Groundball, 6, EV 99.4 MPH)
Batting: RHB Javier Quinones 0-0: Ball
1-0: Called Strike
1-1: SINGLE (Groundball, 6MD, EV 103.8 MPH)
Batting: RHB Jose Soto 0-0: Ball
1-0: Foul Ball, location: 2F
1-1: Ball
2-1: Swinging Strike
2-2: Fly out, F8 (Flyball, 89D, EV 104.4 MPH)
Top of the 10th over - 0 runs, 1 hit, 0 errors, 1 left on base; Rice University 3 - Stanford University 3
BOTTOM OF THE 10TH
Stanford University Cardinal batting - Pitching for Rice University Owls : RHP Bill Lightheart
Pitching: LHP Mitchell Carter
Batting: RHB Joe Gabriel 0-0: Foul Ball, location: 2F
0-1: Ball
1-1: Foul Ball, location: 2F
1-2: Fly out, F8 (Line Drive, 8RD, EV 88.8 MPH)
Batting: LHB Jason Duda 0-0: Swinging Strike
0-1: Ball
1-1: Foul Ball, location: 2F
1-2: Foul Ball, location: 2F
1-2: Ground out 5-3 (Groundball, 5, EV 101.9 MPH)
Batting: LHB Danny Roberts 0-0: DOUBLE (Flyball, 78D, EV 100.0 MPH)
Batting: RHB Nick Maxwell 0-0: Ball
1-0: Called Strike
1-1: Foul Ball, location: 2F
1-2: Ball
2-2: SINGLE (Groundball, 6D, EV 101.2 MPH)
Danny Roberts to third
Runner from 3rd tries for Home, SAFE, throw by LF to home
Bottom of the 10th over - 1 run, 2 hits, 0 errors, 1 left on base; Rice University 3 - Stanford University 4
Thursday, December 15th , 2022 - OOTP Baseball 23.9 Build 102